 Dungeon Crawl Stone Soup version 0.19-a0-1672-g679cadd (webtiles) character file.

51 PurpleRed the Conjurer (level 3, -1/19 HPs)
             Began as a Deep Elf Conjurer on Sept 22, 2016.
             Killed from afar by Sigmund (11 damage)
             ... with a puff of flame
             ... on level 3 of the Dungeon.
             The game lasted 00:03:06 (482 turns).

PurpleRed the Conjurer (Deep Elf Conjurer)           Turns: 482, Time: 00:03:06

Health: -1/19      AC:  2    Str:  5    XL:     3   Next: 58%
Magic:  5/10       EV: 13    Int: 20    God:
Gold:   81         SH:  0    Dex: 15    Spells: 2 memorised, 7 levels left

rFire  . . .     SeeInvis .     f - +0 whip
rCold  . . .     Gourm    .     a - +0 robe
rNeg   . . .     Faith    .     (no shield)
rPois  .         Spirit   .     (no helmet)
rElec  .         Dismiss  .     (no cloak)
rCorr  .         Reflect  .     (no gloves)
MR     .....     Harm     .     (no boots)
Stlth  ++........               (no amulet)
                                (no ring)
                                (no ring)

@: no status effects
A: no striking features
a: no special abilities


You were on level 3 of the Dungeon.
You were not hungry.

You visited 1 branch of the dungeon, and saw 3 of its levels.

You collected 81 gold pieces.

Inventory:

Hand Weapons
 f - a +0 whip (weapon)
Missiles
 h - 8 javelins (quivered)
Armour
 a - a +0 robe (worn)
Scrolls
 d - 2 scrolls of remove curse {unknown}
 e - a scroll of teleportation {unknown}
 g - a scroll of identify {unknown}
 i - a scroll of recharging {unknown}
Books
 b - a book of Conjurations

   Spells                             Type                      Level
   a - Magic Dart                     Conjuration                  1
   b - Searing Ray                    Conjuration                  2
   c - Dazzling Spray                 Conjuration/Hexes            3
   d - Fulminant Prism                Conjuration/Hexes            4
   e - Iskenderun's Mystic Blast      Conjuration                  4
   f - Iskenderun's Battlesphere      Conjuration/Charms           5
Comestibles
 c - 4 bread rations


   Skills:
 - Level 2.4 Dodging
 - Level 2.4 Stealth
 + Level 4.1 Spellcasting
 * Level 5.3 Conjurations


You had 7 spell levels left.
You knew the following spells:

 Your Spells              Type           Power        Failure   Level  Hunger
a - Magic Dart            Conj           ####         1%          1    None
b - Searing Ray           Conj           ####..       2%          2    #......


Dungeon Overview and Level Annotations

Branches:
Dungeon (3/15)

Altars:

Annotations:
D:3 Sigmund


Message History

The magic dart hits Sigmund.
Sigmund casts a spell at you. The magic dart hits you!
Casting: Magic Dart
Confirm with . or Enter, or press ? or * to list all spells.
Aiming: Magic Dart
Press: ? - help, Shift-Dir - straight line, f/p - Sigmund
Aim: Sigmund, wielding a scythe of protection and wearing a glowing robe The magic dart hits Sigmund.
Casting: Magic Dart
Confirm with . or Enter, or press ? or * to list all spells.
Aiming: Magic Dart
Press: ? - help, Shift-Dir - straight line, f/p - Sigmund
Aim: Sigmund, wielding a scythe of protection and wearing a glowing robe The magic dart hits Sigmund.
Sigmund is lightly wounded.
Sigmund points at you and mumbles some strange words.
The puff of flame hits you!
Ouch! That really hurt!
You die...

.....# #@....#
#?....#
#######.†...#
#.....#.....##
#.....#.......
#.....#.......
+.....@.# P
#.....#.#
l.♣♣♣
#.....#.#
.≈♣≈≈
#######.#
≈♣PP♣
#########.#
♣≈≈P≈
#.........#
♣≈≈≈≈
#.#########
≈≈≈≈P
#.#.....#
≈≈≈≈P
#.#.###.#
≈≈≈≈≈


You could see Sigmund.

Vanquished Creatures
  3 adders
  An ooze (D:3)
  A worm (D:3)
  A goblin (D:3)
  2 hobgoblins (D:1)
  A bat (D:2)
  A frilled lizard (D:3)
  6 kobolds
  2 rats (D:3)
18 creatures vanquished.

Notes
Turn   | Place    | Note
-------+----------+-------------------------------------------
     0 | D:1      | PurpleRed the Deep Elf Conjurer began the quest for the Orb.
     0 | D:1      | Reached XP level 1. HP: 10/10 MP: 6/6
   218 | D:2      | Reached XP level 2. HP: 11/15 MP: 2/8
   222 | D:2      | Learned a level 2 spell: Searing Ray
   337 | D:3      | Reached skill level 5 in Conjurations
   337 | D:3      | Reached XP level 3. HP: 15/19 MP: 5/10
   480 | D:3      | Noticed Sigmund
   482 | D:3      | Killed from afar by Sigmund

Vault maps used:
D:1:      dpeg_arrival_tiny_d, minmay_tripent
D:2:      first_bread, serial_forest, infiniplex_forest_clump_double,
          infiniplex_forest_lined_3_way, infiniplex_forest_lined_corner,
          infiniplex_forest_clump_diagonal, infiniplex_forest_lined_4_way,
          infiniplex_forest_end_3, infiniplex_forest_lined_3_way,
          infiniplex_forest_clump_tiny, kennysheep_boxes
D:3:      serial_bayou_lake_a, uniq_sigmund

Skill      XL: |  1  2  3 |
---------------+----------+-----
Conjurations   | 5 |  5.3
Spellcasting   | 4 |  4.1
Dodging        | |  2.4
Stealth        | |  2.4

Action                   || total
-------------------------++-------
 Cast: Magic Dart        ||    35
       Searing Ray       ||     1
Armor: Robe              ||     1
Dodge: Dodged            ||     7
